 Dungeon Crawl Stone Soup version 0.19.1-1-g22dce08 (webtiles) character file.

435 Atlantean the Covered (level 7, -2/44 HPs)
             Began as a Gargoyle Fighter on Jan 10, 2017.
             Was a Follower of Okawaru.
             Slain by Prince Ribbit (10 damage)
             ... on level 6 of the Dungeon.
             The game lasted 00:04:37 (2671 turns).

Atlantean the Covered (Gargoyle Fighter)            Turns: 2671, Time: 00:04:37

Health: -2/44      AC: 12    Str: 21    XL:     7   Next: 0%
Magic:  7/7        EV:  7    Int:  9    God:    Okawaru [*.....]
Gold:   82         SH:  9    Dex:  9    Spells: 0 memorised, 6 levels left

rFire  . . .     SeeInvis .     e - +2 whip (freeze)
rCold  . . .     Gourm    .     b - +0 scale mail
rNeg   + . .     Faith    .     c - +0 shield
rPois  ∞         Spirit   .     (no helmet)
rElec  +         Reflect  .     (no cloak)
rCorr  .         Harm     .     (no gloves)
MR     .....                    (no boots)
Stlth  ..........               (no amulet)
                                (no ring)
                                (no ring)

@: no status effects
A: negative energy resistance 1, electricity resistance, unbreathing,
petrification resistance, rot immunity, AC +4
a: Heroism, Renounce Religion


You were on level 6 of the Dungeon.
You worshipped Okawaru.
Okawaru was aware of your devotion.
You were not hungry.

You visited 2 branches of the dungeon, and saw 7 of its levels.

You collected 82 gold pieces.

Inventory:

Hand Weapons
 a - a +0 flail
 e - a +2 whip of freezing (weapon)
 k - a +3 hand axe of electrocution
Missiles
 p - 2 throwing nets (quivered)
Armour
 b - a +0 scale mail (worn)
 c - a +0 shield (worn)
Wands
 i - a wand of digging (18/24)
Scrolls
 j - 2 scrolls of identify {unknown}
 n - a scroll of immolation {unknown}
 q - a scroll of remove curse {unknown}
 v - a scroll of blinking {unknown}
Potions
 d - a potion of might
 g - a potion of flight {unknown}
 l - a potion of curing {unknown}
 o - a potion of beneficial mutation {unknown}
 s - a potion of cancellation {unknown}
 t - a potion of mutation {unknown}
 u - a potion of degeneration {unknown}
Comestibles
 f - 3 bread rations
 h - a slice of pizza
 m - 6 chunks of flesh
 r - a meat ration


   Skills:
 + Level 4.8 Fighting
 + Level 4.1 Maces & Flails
 + Level 5.2 Armour
 + Level 4.8 Shields


You had 6 spell levels left.
You didn't know any spells.

Dungeon Overview and Level Annotations

Branches:
Dungeon (7/15)             Temple (1/1) D:4

Altars:
Ashenzari
Cheibriados
Dithmenos
Fedhas
Gozag
Hepliaklqana
Kikubaaqudgha
Makhleb
Nemelex Xobeh
Okawaru
Qazlal
Ru
Sif Muna
Trog
Uskayaw
Vehumet
The Shining One

Shops:
D:4 =

Annotations:
D:6 Prince Ribbit


Innate Abilities, Weirdness & Mutations

You are resistant to torment.
Your stone body is resilient. (AC +4)
You are immune to poison.
You resist negative energy. (rN+)
You are resistant to electric shocks. (rElec)
You can survive without breathing.
You are immune to petrification.
You are immune to rotting.


Message History

Prince Ribbit is moderately wounded.
Prince Ribbit hits you.
* * * LOW HITPOINT WARNING * * *
Prince Ribbit hits you.
* * * LOW HITPOINT WARNING * * *
You hit Prince Ribbit.
Prince Ribbit seems to slow down.
You freeze Prince Ribbit.
Prince Ribbit is heavily wounded.
Prince Ribbit blinks!
Evoke which item? (* to show all) (? for menu, Esc to quit)
Okay, then.
Prince Ribbit is no longer moving slowly.
You hit Prince Ribbit. You freeze Prince Ribbit.
Prince Ribbit is severely wounded.
Prince Ribbit hits you.
* * * LOW HITPOINT WARNING * * *
You miss Prince Ribbit.
Prince Ribbit is severely wounded.
You block Prince Ribbit's attack. Prince Ribbit hits you!
You die...

#+## ## #$..##
.. ##.....##
#.#@......#
#..F.......
...............
$..##.....$....
.. #.#.......#
..##(....## ###
#...## #+##


You could see Prince Ribbit.

Vanquished Creatures
  The ghost of ponk the Covert, an amateur SpAs (D:3)
  2 bullfrogs (D:7)
  2 howler monkeys (D:7)
  An orc priest (D:3)
  Jessica (D:2)
  3 gnolls (D:3)
  A howler monkey skeleton (D:7)
  2 worms (D:2)
  A dart slug (D:1)
  3 leopard geckos
  12 orcs
  A giant cockroach (D:2)
  7 goblins
  2 hobgoblins
  2 jackals (D:3)
  4 quokkas
  5 bats
  2 frilled lizards
  A jackal skeleton (D:4)
  4 kobolds
  4 rats
61 creatures vanquished.

Notes
Turn   | Place    | Note
-------+----------+-------------------------------------------
     0 | D:1      | Atlantean the Gargoyle Fighter began the quest for the Orb.
     0 | D:1      | Reached XP level 1. HP: 14/14 MP: 1/1
   234 | D:1      | Reached XP level 2. HP: 19/19 MP: 2/2
   847 | D:2      | Noticed Jessica
   853 | D:2      | Killed Jessica
   853 | D:2      | Reached XP level 3. HP: 24/24 MP: 3/3
  1122 | D:2      | Reached skill level 4 in Armour
  1150 | D:2      | Reached XP level 4. HP: 26/29 MP: 4/4
  1425 | D:3      | Noticed ponk's ghost (amateur SpAs)
  1507 | D:3      | Killed ponk's ghost
  1507 | D:3      | Reached XP level 5. HP: 25/33 MP: 5/5
  1699 | D:4      | Found a staircase to the Ecumenical Temple.
  1713 | Temple   | Entered the Ecumenical Temple
  1928 | Temple   | Became a worshipper of Warmaster Okawaru
  2072 | D:4      | Found Xul Ciup's Jewellery Shoppe.
  2091 | D:3      | Found a shadowy altar of Dithmenos.
  2112 | D:3      | Found a snail-covered altar of Cheibriados.
  2112 | D:3      | Found a burning altar of Makhleb.
  2114 | D:3      | Found a sacrificial altar of Ru.
  2114 | D:3      | Found an ancient bone altar of Kikubaaqudgha.
  2119 | D:3      | Found a shattered altar of Ashenzari.
  2119 | D:3      | Found a sparkling altar of Nemelex Xobeh.
  2582 | D:4      | Reached XP level 6. HP: 32/39 MP: 6/6
  2599 | D:4      | You fall through a shaft for 3 floors!
  2617 | D:7      | Reached skill level 5 in Armour
  2638 | D:7      | Noticed Prince Ribbit
  2651 | D:7      | Reached * piety under Okawaru
  2653 | D:7      | Reached XP level 7. HP: 24/44 MP: 7/7
  2671 | D:6      | Slain by Prince Ribbit

Skill      XL: |  1  2  3  4  5  6 |
---------------+-------------------+-----
Armour         | 4 5 |  5.2
Fighting       | 4 |  4.8
Maces & Flails | 3 4 |  4.1
Shields        | 4 |  4.8

Action                   |  1- 3 |  4- 6 |  7- 9 || total
-------------------------+-------+-------+-------++-------
Melee: Flail             |     5 |       |       ||     5
       Whip              |    83 |   183 |     7 ||   273
  Eat: Chunk             |     1 |     5 |       ||     6
Armor: Scale mail        |    30 |    96 |     2 ||   128
Dodge: Dodged            |    28 |    39 |     2 ||    69
Block: Shield            |    40 |    97 |     3 ||   140
